 Dungeon Crawl Stone Soup version 0.21.1-1-g345015f (webtiles) character file.

199 sking99 the Sneak (level 5, -2/42 HPs)
             Began as a Naga Enchanter on June 22, 2018.
             Slain by Robin
             ... wielding a +1 spear of flaming
              (6 damage)
             ... on level 3 of the Dungeon.
             The game lasted 00:18:05 (3256 turns).

sking99 the Sneak (Naga Enchanter)                  Turns: 3256, Time: 00:18:06

Health: -2/42      AC:  2    Str: 10    XL:     5   Next: 77%
Magic:  4/9        EV: 10    Int: 17    God:
Gold:   94         SH:  0    Dex: 11    Spells: 7/10 levels left

rFire    . . .     SeeInvis +   a - +1 dagger
rCold    . . .     Gourm    .   (no shield)
rNeg     . . .     Faith    .   b - +0 robe
rPois    +         Spirit   .   (no helmet)
rElec    .         Reflect  .   (no cloak)
rCorr    .         Harm     .   (no gloves)
MR       .....                  (no barding)
Stlth    +++.......             (no amulet)
HPRegen  0.14/turn              (no ring)
MPRegen  0.11/turn              (no ring)

@: very slow
A: large, see invisible, deformed body, poison resistance, slowness 2, slow
metabolism 1, spit poison 1, AC +1
a: Spit Poison


You were on level 3 of the Dungeon.
You were hungry.

You visited 1 branch of the dungeon, and saw 3 of its levels.

You collected 94 gold pieces.

Inventory:

Hand Weapons
 a - a +1 dagger (weapon)
 s - a cursed -3 dagger
Armour
 b - a +0 robe (worn)
Wands
 r - a wand of iceblast (3)
Scrolls
 f - 5 scrolls of identify {unknown}
 g - 2 scrolls of magic mapping {unknown}
 h - 2 scrolls of immolation {unknown}
 j - 2 scrolls of fear {unknown}
 l - a scroll of random uselessness {unknown}
 m - 3 scrolls of remove curse {unknown}
 n - a scroll of teleportation {unknown}
 q - a scroll of fog {unknown}
Potions
 e - a potion of flight {unknown}
 i - a potion of haste {unknown}
 k - 2 potions of lignification {unknown}
 o - 4 potions of heal wounds
Books
 c - a book of Maledictions

   Spells                             Type                      Level
   a - Corona                         Hexes                        1
   b - Ensorcelled Hibernation        Hexes/Ice                    2
   c - Confuse                        Hexes                        3
   d - Tukima's Dance                 Hexes                        3
   e - Dazzling Spray                 Conjuration/Hexes            3
Comestibles
 d - 4 rations
 p - a chunk of flesh


   Skills:
 - Level 1.0 Short Blades
 - Level 1.5 Dodging
 + Level 6.7 Stealth
 + Level 3.1 Spellcasting
 - Level 4.0 Hexes
 - Level 2.0 Ice Magic


You had 7 spell levels left.
You knew the following spells:

 Your Spells              Type           Power        Failure   Level  Hunger
a - Ensorcelled Hibernat  Hex/Ice        ##....       8%          2    ##.....
b - Corona                Hex            ###....      3%          1    None


Dungeon Overview and Level Annotations

Branches:
Dungeon (3/15)

Altars:
Okawaru
Trog

Annotations:
D:2 2 transporters
D:3 Robin


Innate Abilities, Weirdness & Mutations

You cannot wear boots.
Your serpentine skin is tough. (AC +1)
You have supernaturally acute eyesight. (SInv)
Armour fits poorly on your strangely shaped body.
Your system is resistant to poisons. (rPois)
You cover ground very slowly.
You have a slow metabolism.
You can spit poison.


Message History

Robin hits you from afar with a spear of flaming.
* * * LOW HITPOINT WARNING * * *
Robin burns you.
* * * LOW HITPOINT WARNING * * *
The hobgoblin hits you but does no damage.
Casting: Ensorcelled Hibernation
Confirm with . or Enter, or press ? or * to list all spells.
Aiming: Ensorcelled Hibernation
Press: ? - help, Shift-Dir - straight line, f/p - Robin
Aim: Robin, wielding a spear of flaming, wearing an animal skin and wearing a helmet (chance to defeat MR: 51%)
The hobgoblin looks drowsy...
You are feeling hungry.
You have got your breath back.
Robin barely misses you.
Unknown command.
The helpless hobgoblin fails to defend itself.
You impale the hobgoblin!!
You kill the hobgoblin!
Robin hits you from afar with a spear of flaming.
You die...

#.#.#.#.#.#.######.#
#.#...#.#...........
#.#.###.###..#####.#
#.#.....# ##.## #.#
.# #.#.########..#
#.# ..
#...........#.## #.#
###.
###.#######.#..# #.#
###...### #.#
#.##.###.# #.......#
#@# #.##..##.#
..g.....# #)#
#.###.##.#
#.....#.###g#
#........#
#%.g.(g..Z#
######.#.#
###..###### #...#
..... ##..# ##..[.
#..# ###.. #..# g%.
######..#


You could see Robin and an adder skeleton.

Vanquished Creatures
  An orc wizard (D:2)
  Ijyb (D:3)
  6 adders
  An ooze (D:1)
  A worm (D:3)
  A dart slug (D:1)
  3 leopard geckos
  8 orcs
  7 bats
  6 giant cockroaches
  7 goblins
  6 hobgoblins
  5 jackals
  A ball python (D:2)
  4 frilled lizards
  8 kobolds
  5 rats
71 creatures vanquished.

Notes
Turn   | Place    | Note
-------+----------+-------------------------------------------
     0 | D:1      | sking99 the Naga Enchanter began the quest for the Orb.
     0 | D:1      | Reached XP level 1. HP: 15/15 MP: 3/3
   131 | D:1      | Reached skill level 5 in Stealth
   232 | D:1      | Reached XP level 2. HP: 17/22 MP: 5/5
   236 | D:1      | Learned a level 2 spell: Ensorcelled Hibernation
   735 | D:1      | Reached XP level 3. HP: 28/28 MP: 6/6
  1423 | D:2      | Found a transporter.
  1423 | D:2      | Found a transporter.
  1431 | D:2      | Noticed a hungry ghost
  1432 | D:2      | Noticed a bullfrog
  1438 | D:2      | Found a bloodstained altar of Trog.
  1438 | D:2      | Found an iron altar of Okawaru.
  1484 | D:2      | Reached skill level 1 in Ice Magic
  1866 | D:2      | Reached XP level 4. HP: 30/36 MP: 0/7
  1950 | D:2      | Reached skill level 6 in Stealth
  2336 | D:2      | Reached XP level 5. HP: 42/42 MP: 9/9
  2954 | D:3      | Noticed Ijyb
  2956 | D:3      | Killed Ijyb
  3243 | D:3      | Noticed Robin
  3256 | D:3      | Slain by Robin

Skill      XL: |  1  2  3  4  5 |
---------------+----------------+-----
Stealth        | 5 6 |  6.7
Ice Magic      | 1 2 |  2.0
Spellcasting   | 3 |  3.1
Hexes          | 4 |  4.0
Short Blades   | |  1.0
Dodging        | |  1.5

Action                   |  1- 3 |  4- 6 || total
-------------------------+-------+-------++-------
Melee: Dagger            |    62 |    51 ||   113
 Cast: Ensorcelled Hiber |    24 |    32 ||    56
 Abil: Spit Poison       |    11 |     5 ||    16
 Stab: Sleeping          |    23 |    27 ||    50
  Eat: Ration            |     1 |       ||     1
       Chunk             |       |     6 ||     6
Armor: Robe              |     9 |    20 ||    29
Dodge: Dodged            |    37 |    41 ||    78
